Map: Terrasses de Prion

Players

zidar

  • Race: Zerg Zerg
  • League: Silver
  • Spawn Location: 5:00

Medion - Winner!

  • Race: Terran Terran
  • League: Silver
  • Spawn Location: 11:00

VOD

Have the link to the VOD?

Description

Time

  • Played on: Jan. 18, 2016, 2:05 p.m.
  • Length: 7:39
Show
View Real Time Build Order
Export as new Build Order

zidar Zerg 

Build Orders: Hatch First 

Get SALT Encoding   

  12  0:01  Drone  
  13  0:12  Overlord  
  13  0:17  Drone  
  14  0:30  Drone x2  
  14  0:34  Drone  
  17  0:54  Hatchery  
  16  0:57  Drone  
  17  1:13  Spawning Pool  
  17  1:16  Drone  
  17  1:25  Drone  
  18  1:31  Extractor, Drone x2  
  19  1:42  Overlord  
  19  1:49  Drone  
  20  2:00  Queen  
  22  2:10  Queen  
  22  2:15  Drone x3  
  27  2:29  Drone  
  29  2:30  Drone  
  29  2:34  Metabolic Boost  
  29  2:41  Drone x2  
  29  2:42  Drone  
  32  2:46  Overlord  
  32  3:16  Evolution Chamber  
  31  3:22  Roach Warren  
  31  3:24  Zergling x18  
  39  3:42  Extractor  
  39  3:45  Drone x2  
  40  3:55  Extractor  
  39  3:58  Extractor  
  38  4:15  Overlord x3  
  38  4:28  Lair  
  38  4:32  Zerg Melee Weapons Level 1  
  24  5:55  Spore Crawler  
  23  5:57  Spore Crawler x2  
  23  5:58  Spore Crawler  
  17  6:06  Spore Crawler  
  8  6:43  Hatchery  
Show
View Real Time Build Order
Export as new Build Order

Medion Terran - Winner!

Build Orders: Banshee Rush 

Get SALT Encoding   

  12  0:01  SCV  
  13  0:13  SCV  
  14  0:18  Supply Depot  
  14  0:25  SCV  
  15  0:39  SCV  
  15  0:41  Barracks  
  16  0:48  Refinery  
  16  0:53  Supply Depot  
  16  0:56  SCV  
  17  1:05  Refinery  
  17  1:08  SCV  
  18  1:34  SCV  
  18  1:35  Marine  
  20  1:46  Factory  
  20  1:53  Marine  
  21  1:54  Orbital Command  
  21  2:18  Barracks Tech Lab  
  21  2:20  SCV  
  22  2:30  Starport  
  22  2:31  Factory Tech Lab  
  22  2:35  Starport  
  22  2:43  SCV  
  23  2:55  SCV  
  24  2:58  Supply Depot  
  24  3:04  Factory Tech Lab  
  24  3:26  Banshee  
  27  3:30  Banshee  
  27  3:33  Cloaking Field  
  30  3:41  Barracks Tech Lab  
  30  3:44  Command Center, SCV  
  31  3:49  Supply Depot  
  31  4:09  Banshee  
  34  4:16  Banshee  
  37  4:21  SCV  
  40  4:24  Marine  
  40  4:30  Widow Mine  
  40  4:31  Supply Depot  
  41  4:33  SCV  
  42  4:43  Marauder  
  42  4:45  Engineering Bay  
  44  4:46  Supply Depot  
  44  4:47  SCV  
  44  4:52  Supply Depot  
  40  5:37  Marine  
  32  5:45  Orbital Command  
  25  5:55  Marine  
  17  6:13  Marine  
  17  6:14  Orbital Command  
  13  6:31  Marine  
  16  6:41  Hellion  
  16  6:45  SCV  
  14  7:02  Hellion  
Tags
 
Add a new tag
Caveats
  • Supply blocks, unpowered buildings, or Contaminate may cause inaccurate times.
  • Supply counts are checked every 10 seconds.